 Dungeon Crawl Stone Soup version 0.19-a0-1670-gc28a5d9 (webtiles) character file.

24 st0uf the Ruffian (level 2, 0/23 HPs)
             Began as a Draconian Transmuter on Sept 21, 2016.
             Succumbed to an adder's poison
             ... on level 2 of the Dungeon.
             The game lasted 00:03:31 (972 turns).

st0uf the Ruffian (Draconian Transmuter)             Turns: 972, Time: 00:03:31

Health: 0/23       AC:  4    Str: 12    XL:     2   Next: 79%
Magic:  1/5        EV: 11    Int: 13    God:
Gold:   72         SH:  0    Dex: 11    Spells: 2 memorised, 3 levels left

rFire  . . .     SeeInvis .       - Unarmed
rCold  . . .     Gourm    .     (armour unavailable)
rNeg   . . .     Faith    .     (no shield)
rPois  .         Spirit   .     (helmet restricted)
rElec  .         Dismiss  .     (no cloak)
rCorr  .         Reflect  .     (no gloves)
MR     .....     Harm     .     (no boots)
Stlth  +.........               (no amulet)
                                (no ring)
                                (no ring)

@: lethally poisoned (0 -> -7), exhausted, very slightly contaminated, slowed,
heavily drained, very slow
A: unfitting armour, cold-blooded, AC +4
a: no special abilities


You were on level 2 of the Dungeon.
You were very hungry.

You visited 1 branch of the dungeon, and saw 2 of its levels.

You collected 72 gold pieces.

Inventory:

Missiles
 a - 52 arrows
Scrolls
 e - 3 scrolls of remove curse {unknown}
 f - a scroll of amnesia {unknown}
 j - a scroll of fog {unknown}
Potions
 d - a potion of lignification {unknown}
 h - a potion of berserk rage
 i - a potion of might {unknown}
 k - a potion of heal wounds {unknown}
 l - 2 potions of curing {unknown}
 m - a potion of magic {unknown}
Books
 b - a book of Changes

   Spells                             Type                      Level
   a - Beastly Appendage              Transmutation                1
   b - Sticks to Snakes               Transmutation                2
   c - Spider Form                    Transmutation/Poison         3
   d - Ice Form                       Ice/Transmutation            4
   e - Blade Hands                    Transmutation                5
Comestibles
 c - 3 bread rations
 g - 3 beef jerkies
 n - 3 fruits


   Skills:
 - Level 1.1(0.0) Fighting
 - Level 1.7(0.3) Dodging
 - Level 3.0(1.5) Unarmed Combat
 * Level 2.6(1.1) Spellcasting
 * Level 2.8(1.3) Transmutations


You had 3 spell levels left.
You knew the following spells:

 Your Spells              Type           Power        Failure   Level  Hunger
a - Beastly Appendage     Tmut           #.....       17%         1    ##.....
b - Sticks to Snakes      Tmut           #.......     24%         2    ###....


Dungeon Overview and Level Annotations

Branches:
Dungeon (2/15)

Altars:
Uskayaw

Annotations:
D:2 Sigmund


Innate Abilities, Weirdness & Mutations

Your plain brown scales are hard. (AC +4)
Your body does not fit into most forms of armour.
You are cold-blooded and may be slowed by cold attacks.


Message History

It was a potion of berserk rage.
A red film seems to cover your vision as you go berserk!
You feel yourself moving faster!
You feel mighty!
* * * LOW HITPOINT WARNING * * *
You feel sick. The adder closely misses you. The adder barely misses you.
You miss the adder.
The adder is heavily wounded.
* * * LOW HITPOINT WARNING * * *
You feel sick.
You are too berserk!
You punch the adder!
You kill the adder!
You feel a strong urge to attack something.
* * * LOW HITPOINT WARNING * * *
You feel sick.
You feel your anger subside.
You are no longer berserk.
You are exhausted.
You feel yourself slow down.
You are feeling very hungry.
You die...

#### #... ######
#...###############.....
#......@............####
#....################
#....# ####.. ##.# ## ##
.) ..# .. ####.# .##
#########.# ..#
#.........# #.##


There were no monsters in sight!

Vanquished Creatures
  An adder (D:2)
  An ooze (D:1)
  3 bats (D:2)
  2 hobgoblins
  2 frilled lizards (D:2)
  5 rats (D:1)
14 creatures vanquished.

Notes
Turn   | Place    | Note
-------+----------+-------------------------------------------
     0 | D:1      | st0uf the Draconian Transmuter began the quest for the Orb.
     0 | D:1      | Reached XP level 1. HP: 16/16 MP: 3/3
     6 | D:1      | Noticed a rime drake
     7 | D:1      | Noticed a redback
     7 | D:1      | Noticed a black bear
   159 | D:1      | Reached XP level 2. HP: 20/23 MP: 3/5
   572 | D:2      | Learned a level 2 spell: Sticks to Snakes
   683 | D:2      | Noticed a hand axe
   683 | D:2      | Noticed a dagger
   684 | D:2      | Noticed Sigmund
   905 | D:2      | Found a hide-covered altar of Uskayaw.
   970 | D:2      | HP: 1/34 [poisoned by an adder]
   972 | D:2      | Succumbed to an adder's poison

Vault maps used:
D:1:      onia_arrival_zoo_common
D:2:      dancing_weapons_uskayaw, first_bread, uniq_sigmund, uniq_jessica

Action                   || total
-------------------------++-------
Melee: Unarmed           ||    45
       Tailslap          ||     3
       Headbutt          ||     1
       Kick              ||     3
 Cast: Beastly Appendage ||     9
  Use: Scroll            ||     1
       Potion            ||     1
 Stab: Sleeping          ||     1
Armor: Skin              ||    14
Dodge: Dodged            ||    22
